 Dungeon Crawl Stone Soup version 0.29.1-13-g9f3cf754e1 (webtiles) character file.

Game seed: 2206355633230520281

21006 tkbsonic5 the Fighter (level 12, 0/220 HPs)
             Began as a Demonspawn Artificer on Jan 20, 2023.
             Was a Believer of Trog.
             Slain by a death yak (13 damage)
             ... on level 4 of the Lair of Beasts on Jan 24, 2023.
             The game lasted 00:55:49 (18987 turns).

tkbsonic5 the Fighter (Demonspawn Artificer)       Turns: 18987, Time: 00:55:50

Health: 0/220      AC: 26    Str: 23    XL:     12   Next: 50%
Magic:  12/12      EV:  2    Int: 14    God:    Trog [**....]
Gold:   888        SH: 15    Dex: 13    Spells: 11/11 levels left

rFire   . . .      SeeInvis .   i - +4 broad axe
rCold   . . .      Faith    .   l - +0 kite shield
rNeg    + . .      Spirit   .   (body armour currently unavailable)
rPois   +          Reflect  +   (helmet currently unavailable)
rElec   .          Harm     .   (cloak currently unavailable)
rCorr   .          Rampage  .   (gloves currently unavailable)
Will    ++...      NoTele   +   (boots currently unavailable)
Stlth   ..........              c - amulet of reflection
HPRegen 1.46/turn               h - ring of positive energy
MPRegen 0.13/turn               v - +6 ring of strength

@: berserking, tree-form, strong-willed (expiring), regenerating (expiring),
very quick
A: stationary, stasis, torment immunity, boosted hp, (claws 1), repulsion field
2, powered by pain 1, demonic magic 2, (talons 1), MP-powered wands
a: Renounce Religion, Berserk, Trog's Hand


You were on level 4 of the Lair of Beasts.
You worshipped Trog.
Trog was pleased with you.
You were a tree.
You visited 2 branches of the dungeon, and saw 15 of its levels.

You collected 888 gold pieces.

Inventory:

Hand Weapons
 b - a +0 battleaxe
 d - a +2 spear of venom
 f - a +3 morningstar of freezing
 i - a +4 broad axe (weapon)
 k - a +0 morningstar of protection
 m - a +0 club
 n - the +7 hand axe "Toic" {antimagic, Will+ Int+3}
   (You found it on level 2 of the Dungeon)

   It reduces the magical energy of the wielder, and disrupts the spells and
   magical abilities of those it strikes.
   Natural abilities and divine invocations are not affected.
   Int:       It affects your intelligence (+3).
   Will:      It increases your willpower.
 o - a +1 whip of distortion
 y - a +2 short sword of speed
 A - a +4 spear of freezing
 B - a +3 hand axe
 J - a +3 shortbow
Missiles
 j - 10 boomerangs
 q - 26 poisoned darts
 C - a throwing net
 H - 3 javelins (quivered)
Armour
 g - a +1 plate armour (melded)
 l - a +0 kite shield (worn)
 p - a +1 pair of gloves (melded)
 r - a +0 pair of boots (melded)
 u - a +0 cloak (melded)
 z - a +1 hat
 D - a +2 helmet (melded)
 L - a +0 cloak
Jewellery
 c - an amulet of reflection (around neck)
 h - a ring of positive energy (left branch)
 t - a ring of fire
 v - a +6 ring of strength (right branch)
 w - an amulet of guardian spirit
 E - a ring of fire
Wands
 e - a wand of mindburst (3)
 x - a wand of digging (6)
 F - a wand of paralysis (4)
 M - a wand of light (3)
Scrolls
 a - 3 scrolls of magic mapping
Potions
 N - a potion of cancellation
Miscellaneous
 K - a tin of tremorstones (2/2)


   Skills:
 * Level 10.4 Fighting
 * Level 9.4(9.7) Axes
 - Level 3.4(6.9) Maces & Flails
 * Level 5.8 Throwing
 + Level 6.5 Armour
 + Level 6.7 Dodging
 - Level 0.8 Stealth
 + Level 6.2 Shields
 - Level 1.0 Unarmed Combat
 - Level 6.0 Evocations


You had 11 spell levels left.
You didn't know any spells.
Your spell library contained the following spells:

 Spells                   Type           Power      Damage    Failure   Level
 Shock                    Conj/Air       0%         1d3       61%         1
 Gell's Gravitas          Tloc           0%         N/A       93%         3
 Lesser Beckoning         Tloc           0%         N/A       93%         3
 Swiftness                Air            0%         N/A       93%         3
 Teleport Other           Tloc           0%         N/A       93%         3
 Airstrike                Air            0%         2d(0-16)  100%        4


Dungeon Overview and Level Annotations

Branches:
Dungeon (11/15)            Temple (0/1) D:7            Lair (4/5) D:9
 Shoals (0/4) Lair:3        Snake (0/4) Lair:2
  Slime: Lair:4-5       Orc: D:9-12

Altars:
Ashenzari
Dithmenos
Fedhas
Gozag
Hepliaklqana
Kikubaaqudgha
Qazlal
Trog
Vehumet

Annotations:
Lair:4 Rupert


Innate Abilities, Weirdness & Mutations

You are a tree.
Your roots penetrate the ground, keeping you stationary.
You cannot be teleported.
You are immune to unholy pain and torment.
Your maximum health is greatly increased.
Your equipment is partially melded.
((You have sharp fingernails.))
You are surrounded by a moderate repulsion field. (EV +3)
You sometimes gain a little power by taking damage.
Spells you cast may paralyse nearby enemies.
((You have sharp toenails.))
You expend magic power (3 MP) to strengthen your wands.


Message History

You feel the effects of Trog's Hand fading.
You block the death yak's attack. The death yak gores you.
The death yak gores you but does no damage.
The death yak gores you. The yak gores you but does no damage.
A red film seems to cover your vision as you go berserk!
You feel yourself moving faster!
You feel mighty! The death yak gores you! x2
* * * LOW HITPOINT WARNING * * *
You block the death yak's attack. The death yak gores you!!
* * * LOW HITPOINT WARNING * * *
The yak gores you but does no damage.
You slice the death yak!!
The death yak is heavily wounded.
You hit the death yak. You slash the death yak! You hit the death yak.
You hit the yak.
The death yak gores you but does no damage. x2
You block the death yak's attack. The death yak barely misses you.
The yak gores you.
* * * LOW HITPOINT WARNING * * *
You slash the death yak!
The death yak is heavily wounded.
You barely miss the yak.
You hit the death yak. x2; You slash the death yak!
The death yak gores you but does no damage.
You block the death yak's attack.
The death yak gores you but does no damage.
You block the death yak's attack. The yak gores you but does no damage.
You hit the death yak.
The death yak is severely wounded.
You slash the death yak! x3; You slash the yak!
The death yak barely misses you. The death yak gores you!
* * * LOW HITPOINT WARNING * * *
You block the death yak's attack. The death yak gores you!
* * * LOW HITPOINT WARNING * * *
The yak gores you but does no damage.
You completely miss the death yak.
The death yak is severely wounded.
You hit the death yak. x2; You slash the death yak!
You slash the yak! You block the death yak's attack. The death yak gores you.
* * * LOW HITPOINT WARNING * * *
The death yak gores you!
You die...

(........ ..
..........##.......
#.#....8....##........
..#.......##.........
...8...8.# ......Y.Y
#........#.......@YY
...##....8....###....†Y.
#.....Y.......##...... ..
#. #♣Y#.#........##..
..##...YYY<..#.........#.
...8.##......#......<...
..#.......##P..#####Y@.#.
..#..##...###.!## #..#..
........### #...# ..###..
........##.##...#...###..
........P##..............
.........................


You could see 4 death yaks and a yak.

Vanquished Creatures
  Gastronok (D:11)
  Harold (D:9)
  A hydra (Lair:4)
  A two-headed ogre (D:11)
  Erica (D:9)
  Urug (D:10)
  2 wolf spiders (Lair:3)
  5 elephants (Lair:1)
  2 black mambas (Lair:2)
  Maurice (D:10)
  8 cane toads
  A rime drake (Lair:2)
  Psyche (D:9)
  2 komodo dragons
  A troll (D:11)
  A polar bear (Lair:2)
  5 blink frogs (Lair:3)
  3 hornets (D:9)
  Sigmund (D:2)
  A shadow (D:10)
  A wyvern (Lair:2)
  3 basilisks
  A wraith (D:11)
  5 yaks
  2 steam dragons
  4 vampire mosquitoes (D:10)
  Duvessa (D:6)
  7 water moccasins
  3 orc warriors
  A sky beast (D:6)
  2 ice beasts
  A black bear (D:6)
  4 ogres
  6 wolves (Lair:3)
  8 centaurs
  6 bullfrogs
  2 necrophages
  A gnoll sergeant (D:9)
  3 scorpions
  12 wights
  Dowan (D:6)
  10 killer bees
  3 howler monkeys (D:8)
  A jelly (D:7)
  3 orc priests
  4 hounds
  Jessica (D:2)
  2 iguanas
  3 orc wizards
  9 gnolls
  7 adders
  3 shadow imps
  A white imp (D:6)
  A worm (D:4)
  50 orcs
  3 bats
  5 endoplasms
  2 giant cockroaches
  8 hobgoblins
  3 quokkas
  10 ball pythons
  4 frilled lizards
  16 goblins
  10 kobolds
  6 rats
279 creatures vanquished.

Vanquished Creatures (collateral kills)
  An ogre (D:7)
  A wight (D:6)
  2 iguanas
  2 orc priests (D:7)
  An ufetubus (D:6)
7 creatures vanquished.

Vanquished Creatures (others)
  A centaur (D:7)
  A kobold brigand (D:8)
  A ball python (D:3)
  11 fungi
  24 plants
38 creatures vanquished.

Grand Total: 324 creatures vanquished

Notes
Turn   | Place    | Note
-------+----------+-------------------------------------------
     0 | D:1      | tkbsonic5 the Demonspawn Artificer began the quest for the
                  | Orb.
     0 | D:1      | Reached XP level 1. HP: 15/15 MP: 1/1
   430 | D:1      | Reached skill level 1 in Dodging
   572 | D:1      | Gained mutation: You are surrounded by a mild repulsion
                  | field. (EV +2) [demonic ancestry]
   572 | D:1      | Reached XP level 2. HP: 21/21 MP: 2/2
  1934 | D:2      | Reached skill level 1 in Unarmed Combat
  1954 | D:2      | Found a blossoming altar of Fedhas.
  1954 | D:2      | Identified the +7 hand axe "Toic" {antimagic, Will+ Int+3}
  2013 | D:2      | Gained mutation: You are surrounded by a moderate repulsion
                  | field. (EV +3) [demonic ancestry]
  2013 | D:2      | Reached XP level 3. HP: 20/27 MP: 1/3
  2162 | D:2      | Reached skill level 2 in Fighting
  2171 | D:2      | Noticed Sigmund
  2177 | D:2      | Killed Sigmund
  2178 | D:2      | Gained mutation: Spells you cast may paralyse adjacent
                  | enemies. [demonic ancestry]
  2178 | D:2      | Reached XP level 4. HP: 34/34 MP: 1/4
  2178 | D:2      | Reached XP level 5. HP: 39/39 MP: 1/5
  2667 | D:2      | Noticed Jessica
  2672 | D:2      | Killed Jessica
  3315 | D:3      | Reached skill level 3 in Fighting
  3315 | D:3      | Gained mutation: You have sharp fingernails. [demonic
                  | ancestry]
  3315 | D:3      | Reached XP level 6. HP: 40/47 MP: 2/6
  3770 | D:3      | Found a faded altar of an unknown god.
  4582 | D:4      | Found a bloodstained altar of Trog.
  4597 | D:4      | Became a worshipper of Trog the Wrathful
  5153 | D:5      | Entered Level 5 of the Dungeon
  5312 | D:5      | Noticed an ice beast
  5324 | D:5      | Killed an ice beast
  5325 | D:5      | Reached skill level 1 in Shields
  5325 | D:5      | Reached XP level 7. HP: 20/53 MP: 2/7
  5690 | D:5      | Found a hazy altar of Hepliaklqana.
  5826 | D:5      | Reached skill level 4 in Fighting
  6295 | D:6      | Reached XP level 8. HP: 61/61 MP: 2/8
  6684 | D:6      | Reached * piety under Trog
  6685 | D:6      | Reached skill level 5 in Fighting
  6840 | D:6      | Noticed Duvessa
  6843 | D:6      | Noticed Dowan
  6854 | D:6      | Killed Dowan
  6855 | D:6      | Reached skill level 5 in Evocations
  6863 | D:6      | Killed Duvessa
  6937 | D:6      | Identified the +5 dagger of Due Proportion {spect, Contam
                  | Int+6}
  7200 | D:6      | Reached skill level 5 in Axes
  7631 | D:7      | Reached XP level 9. HP: 69/69 MP: 3/9
  7696 | D:7      | Found a shadowy altar of Dithmenos.
  7719 | D:7      | Found a staircase to the Ecumenical Temple.
  7783 | D:7      | Reached skill level 6 in Fighting
  7827 | D:7      | Found a blossoming altar of Fedhas.
  8439 | D:8      | Noticed a two-headed ogre
  8447 | D:8      | Gained mutation: You expend magic power (3 MP) to
                  | strengthen your wands. [potion of mutation]
  8447 | D:8      | Gained mutation: You have sharp toenails. [potion of
                  | mutation]
  8595 | D:8      | Found a radiant altar of Vehumet.
  8600 | D:8      | Found a broken altar of Ashenzari.
  8663 | D:8      | Found a stormy altar of Qazlal.
  9043 | D:8      | You fall into a shaft and drop 1 floor!
  9048 | D:9      | Noticed Erica
  9063 | D:9      | Killed Erica
  9064 | D:9      | Reached skill level 7 in Fighting
  9211 | D:9      | Noticed Harold
  9224 | D:9      | Reached XP level 10. HP: 79/79 MP: 0/10
  9231 | D:9      | Killed Harold
  9232 | D:9      | Reached skill level 1 in Throwing
  9232 | D:9      | Reached ** piety under Trog
  9937 | D:8      | Reached skill level 5 in Dodging
 10316 | D:9      | Found a staircase to the Lair.
 10474 | D:9      | Noticed Psyche
 10489 | D:9      | Killed Psyche
 10490 | D:9      | Reached skill level 5 in Armour
 10499 | D:9      | Reached skill level 8 in Fighting
 10725 | D:9      | Paralysed by a hornet for 3 turns
 11593 | D:10     | Entered Level 10 of the Dungeon
 11661 | D:10     | Reached skill level 1 in Maces & Flails
 11764 | D:10     | Found a flagged portal.
 11802 | D:10     | Noticed Urug
 11810 | D:10     | Killed Urug
 12080 | D:10     | Found an ancient bone altar of Kikubaaqudgha.
 12097 | D:10     | Noticed Maurice
 12142 | D:10     | Killed Maurice
 12143 | D:10     | Gained mutation: Spells you cast may paralyse nearby
                  | enemies. [demonic ancestry]
 12143 | D:10     | Reached XP level 11. HP: 55/87 MP: 3/11
 12672 | D:10     | Found an opulent altar of Gozag.
 12726 | D:10     | Reached skill level 5 in Shields
 12738 | D:10     | Reached *** piety under Trog
 13078 | D:11     | Noticed a two-headed ogre
 13095 | D:11     | Killed a two-headed ogre
 13511 | D:11     | Noticed Gastronok
 13796 | D:11     | Killed Gastronok
 13797 | D:11     | Reached skill level 9 in Fighting
 14302 | Lair:1   | Entered Level 1 of the Lair of Beasts
 14415 | Lair:1   | You fall into a shaft and drop 1 floor!
 14416 | Lair:2   | Found a staircase to the Snake Pit.
 16408 | Lair:2   | Gained mutation: You sometimes gain a little power by
                  | taking damage. [demonic ancestry]
 16408 | Lair:2   | Reached XP level 12. HP: 97/97 MP: 12/12
 17227 | Lair:3   | Reached skill level 5 in Throwing
 17350 | Lair:3   | Found a staircase to the Shoals.
 17359 | Lair:3   | Reached skill level 10 in Fighting
 18816 | Lair:4   | Noticed a seven-headed hydra
 18822 | Lair:4   | Killed a seven-headed hydra
 18921 | Lair:4   | Noticed Rupert
 18927 | Lair:4   | Noticed a death yak
 18927 | Lair:4   | Noticed a death yak
 18927 | Lair:4   | Noticed a death yak
 18928 | Lair:4   | Noticed a death yak
 18928 | Lair:4   | Noticed a death yak
 18929 | Lair:4   | Noticed a death yak
 18987 | Lair:4   | Slain by a death yak

Illustrated notes

Levels and vault maps discovered:
D:1:      mainiacjoe_arrival_reflecting_pool, layout_loops_corners
D:2:      layout_basic, basic_altar, minmay_misc_feat_rugged,
          hangedman_glass_teeth, uniq_jessica, uniq_sigmund
D:3:      layout_loops_corners, nicolae_ecumenical_snake_handling,
          grunt_ministairs_11, minmay_misc_feat_iff
D:4:      layout_basic, mainiacjoe_overflow_24_doors
D:5:      layout_basic, lemuel_coloured_pillars_altar
D:6:      layout_loops_cross, uniq_duvessa
D:7:      layout_basic, nicolae_dithmenos_the_darkroom, fedhas_altar_3,
          minmay_temple_entry_overgrown
D:8:      layout_loops_ring, kennysheep_mini,
          mainiacjoe_overflow_large_starburst, serial_aquarium,
          aquarium_bridge_long_separate [aquarium_subvault_window,
          aquarium_subvault_bridge, aquarium_subvault_bridge,
          aquarium_subvault_bridge, aquarium_subvault_wall,
          aquarium_subvault_bridge], aquarium_bridge_square
          [aquarium_subvault_window, aquarium_subvault_balcony,
          aquarium_subvault_bridge, aquarium_subvault_wall], aquarium_window_2,
          aquarium_window_fake, aquarium_window_2, aquarium_view_2f,
          aquarium_view_2g, aquarium_balcony_5a, aquarium_pool_double,
          special_room [special_room_orc], grunt_ministairs_12,
          nicolae_fountain_basement
D:9:      layout_basic, lair_entry_dummy, uniq_erica, uniq_psyche, uniq_harold
D:10:     layout_long_grid, kiku_gazebo_garden_becter,
          nicolae_gozag_cash_rules_everything_around_me,
          lightli_bailey_entry_fortress, uniq_urug, uniq_maurice
D:11:     layout_basic, uniq_gastronok
Lair:1:   layout_long_grid, serial_bayou_crossing
Lair:2:   layout_roguey, minmay_snake_entry_six_corridors, grunt_megastairs_2,
          lemuel_fruit_tree
Lair:3:   layout_cellular_growth, minmay_shoals_entry_centaurs,
          nicolae_lair_run_with_the_wolves
Lair:4:   beast_lair_carwin_large_1, layout_gridlike, slime_entry_1,
          serial_bayou_shore_b, grunt_megastairs_4, serial_bayou_shore_a,
          infiniplex_staircase_pool_2, uniq_rupert, uniq_josephine

Skill      XL: |  1  2  3  4  5  6  7  8  9 10 11 12 |
---------------+-------------------------------------+-----
Dodging        | 1 2 3 4 5 6 |  6.7
Unarmed Combat | 1 |  1.0
Fighting       | 2 3 4 5 7 8 9 10 | 10.4
Axes           | 2 3 4 5 6 7 8 9 |  9.4
Evocations     | 4 5 6 |  6.0
Armour         | 2 3 4 5 6 |  6.5
Shields        | 1 3 4 5 6 |  6.2
Throwing       | 3 4 5 |  5.8
Maces & Flails | 2 3 |  3.4
Stealth        | |  0.8

Action                   |  1- 3 |  4- 6 |  7- 9 | 10-12 || total
-------------------------+-------+-------+-------+-------++-------
Melee: Unarmed           |   122 |       |       |       ||   122
       Hand axe          |     8 |   105 |   232 |   162 ||   507
       Morningstar       |       |       |       |    40 ||    40
       Spear             |       |       |       |     4 ||     4
       Broad axe         |       |       |       |   325 ||   325
Throw: Dart              |       |     5 |     6 |    24 ||    35
       Boomerang         |       |       |       |    13 ||    13
       Throwing net      |       |       |       |     4 ||     4
       Javelin           |       |       |       |    70 ||    70
Invok: Berserk           |       |       |     4 |    10 ||    14
       Trog's Hand       |       |       |       |    12 ||    12
Evoke: Wand              |     6 |    11 |    23 |     7 ||    47
  Use: Scroll            |     3 |     4 |     5 |    11 ||    23
       Potion            |     1 |       |     9 |    14 ||    24
 Stab: Sleeping          |     1 |       |       |       ||     1
       Distracted        |       |       |     1 |       ||     1
       Invisible         |       |       |    11 |     2 ||    13
Armor: Leather armour    |    14 |       |       |       ||    14
       Ring mail         |    31 |       |       |       ||    31
       Plate armour      |       |    46 |   108 |   232 ||   386
       Skin              |       |       |       |    13 ||    13
Dodge: Dodged            |    82 |    25 |    53 |   201 ||   361
Block: Kite shield       |       |    31 |   138 |   452 ||   621
       Reflection        |       |       |     9 |    11 ||    20
